 Dungeon Crawl Stone Soup version 0.30-b1-2-g02819fbbbe (webtiles) character file.

Game seed: 15362725056878344062

12497 Arcadio the Protected (level 11, -3/107 HPs)
             Began as a Minotaur Fighter on May 12, 2023.
             Was an Elder of Uskayaw.
             Slain by an ettin
             ... wielding a +0 dire flail
              (23 damage)
             ... on level 1 of the Orcish Mines.
             The game lasted 00:21:57 (11523 turns).

Arcadio the Protected (Minotaur Fighter)           Turns: 11523, Time: 00:21:58

Health: -3/107     AC: 20    Str: 24    XL:     11   Next: 63%
Magic:  10/10      EV:  8    Int:  9    God:    Uskayaw [****..]
Gold:   488        SH:  4    Dex: 11    Spells: 10/10 levels left

rFire   x . .        O - +0 broad axe
rCold   + . .        c - +0 buckler
rNeg    . . .        u - +0 chain mail
rPois   +            J - +2 hat
rElec   .            (no cloak)
rCorr   .            p - +0 pair of gloves
SInv    +            y - +2 pair of boots
Will    +....        (no amulet)
Stlth   x              - ring of see invisible
HPRegen 0.37/turn    K - ring "Erat" {Ice rPois Will+ Int+4}
MPRegen 0.12/turn

%: no passive effects
@: no status effects
A: horns 2, retaliatory headbutt
a: Renounce Religion, Stomp, Line Pass


You were on level 1 of the Orcish Mines.
You worshipped Uskayaw.
Uskayaw was noncommittal.
You visited 3 branches of the dungeon, and saw 14 of its levels.
You also visited: Sewer.

You collected 713 gold pieces.
You spent 225 gold pieces at shops.

Inventory:

Hand Weapons
 O - a +0 broad axe (weapon)
Armour
 c - a +0 buckler (worn)
 p - a +0 pair of gloves (worn)
 u - a +0 chain mail (worn)
 y - a +2 pair of boots (worn)
 J - a +2 hat (worn)
Jewellery
 x - a ring of see invisible (left hand)
 F - a ring of poison resistance
 K - the ring "Erat" (right hand) {Ice rPois Will+ Int+4}
   (You found it on level 10 of the Dungeon)

   [ring of ice]

   It enhances your ice magic.
   Int:       It affects your intelligence (+4).
   rF:        It makes you vulnerable to fire.
   rC:        It protects you from cold.
   rPois:     It protects you from poison.
   Will:      It increases your willpower.
Wands
 H - a wand of mindburst (7)
 I - a wand of digging (6)
 L - a wand of roots (7)
Scrolls
 j - a scroll of torment
 l - 3 scrolls of fear
 r - 7 scrolls of identify
 s - 2 scrolls of amnesia
 v - a scroll of magic mapping
 w - 2 scrolls of teleportation
 z - 2 scrolls of noise {unknown}
 B - 2 scrolls of enchant armour
 C - a scroll of blinking {unknown}
 E - a scroll of vulnerability {unknown}
 N - a scroll of immolation {unknown}
Potions
 d - 2 potions of flight
 e - 2 potions of haste
 f - 3 potions of attraction
 g - 7 potions of resistance
 h - a potion of ambrosia {unknown}
 i - 5 potions of curing
 k - a potion of mutation {unknown}
 m - 3 potions of lignification
 q - 5 potions of heal wounds
 t - a potion of berserk rage {unknown}
 A - a potion of degeneration {unknown}
 D - 2 potions of cancellation {unknown}
 G - 2 potions of magic {unknown}


   Skills:
 + Level 13.3 Fighting
 + Level 13.0 Axes
 + Level 13.4 Armour
 - Level 3.6 Shields


You had 10 spell levels left.
You didn't know any spells.
Your spell library contained the following spells:

 Spells                   Type           Power      Damage    Failure   Level
 Apportation              Tloc           0%         N/A       88%         1
 Slow                     Hex            0%         N/A       88%         1
 Blink                    Tloc           0%         N/A       95%         2
 Cigotuvi's Dreadful Rot  Necr/Pois/Air  0%         N/A       95%         2
 Confusing Touch          Hex            0%         N/A       99%         3
 Ignite Poison            Fire/Tmut/Pois 0%         N/A       99%         3
 Ozocubu's Armour         Ice            0%         N/A       99%         3
 Vampiric Draining        Necr           0%         2d6       99%         3
 Dispel Undead            Necr           0%         3d6       100%        4
 Manifold Assault         Tloc           0%         N/A       100%        4
 Sticky Flame             Conj/Fire      0%         2d3       100%        4
 Alistair's Intoxication  Tmut/Pois      0%         N/A       100%        5
 Metabolic Englaciation   Hex/Ice        0%         N/A       100%        5
 Death Channel            Necr           0%         N/A       100%        6
 Simulacrum               Ice/Necr       0%         N/A       100%        6
 Storm Form               Tmut/Air       0%         N/A       100%        7
 Ignition                 Fire           0%         3d3       100%        8


Dungeon Overview and Level Annotations

Branches:
Dungeon (12/15) Zot: 26167  Temple (1/1) D:5 Zot: 5804     Orc (1/2) D:12 Zot: 5974
  Sewer (visited)
   Lair: D:8-11

Altars:
Ashenzari
Cheibriados
Dithmenos
Elyvilon
Fedhas
Gozag
Hepliaklqana
Kikubaaqudgha
Makhleb
Nemelex Xobeh
Okawaru
Qazlal
Ru
Sif Muna
Trog
Uskayaw
Vehumet
Wu Jian
Xom
Yredelemnul
Zin
The Shining One
Jiyva

Shops:
D:7 *   D:10 =

Annotations:
D:9 3 runed translucent doors, diceflayer's ghost, novice DsHu
D:10 Amaemon


Innate Abilities, Weirdness & Mutations

You have a pair of horns on your head.
You reflexively headbutt those who attack you in melee.


Message History

The ettin hits you with a +0 dire flail.
The ettin closely misses you.
An ogre comes into view. It is wielding a +0 giant spiked club.
You hit the ettin.
The ettin is lightly wounded.
You block the ettin's attack.
The ettin hits you with a +0 dire flail.
Uskayaw prepares the audience for your solo!
The helpless ettin fails to defend itself.
You hit the ettin.
The ettin is lightly wounded.
The ettin is no longer paralysed.
The ettin hits you with a +0 dire flail!!
You block the ettin's attack.
An ogre comes into view. It is wielding a +0 giant club.
You barely miss the ettin.
The ettin is lightly wounded.
The orc warrior is no longer paralysed.
The ogre is no longer paralysed.
The ettin hits you with a +0 dire flail! x2
You hit the ettin.
The ettin is lightly wounded.
The ettin hits you but does no damage. The ettin barely misses you.
Uskayaw will force your foes to share their pain.
Uskayaw links your audience in an emotional bond!
You slash the ettin!
The ettin is heavily wounded.
The ettin is no longer sharing its pain.
The ettin hits you with a +0 dire flail!!
The ettin barely misses you. The ettin attacks as you move away!
The ettin barely misses you. x2
The orc warrior is no longer sharing its pain.
The ogre is no longer sharing its pain. x2
The orc warrior hits you but does no damage.
Things that are here:
a +0 mace; a +0 giant club
There is a staircase back to the Dungeon, spattered with blood here.
The ettin hits you with a +0 dire flail!
* * * LOW HITPOINT WARNING * * *
The ettin hits you with a +0 dire flail!!
You die...

###. ##...
.... ##..##
##^...#
##.....##
.##.......#
.........#...#
..#.....@##
..#
#.....oC.#...#
#.......O....#
............##
.......O...##
o......#..##
#......$...
...........
...........


You could see an ettin, an orc warrior and 2 ogres.

Vanquished Creatures
  A boulder beetle (D:12)
  A two-headed ogre (D:11)
  A skyshark (D:12)
  An ugly thing (D:12)
  A manticore (D:11)
  Joseph (D:9)
  2 unseen horrors
  A gargoyle (D:11)
  A komodo dragon (D:11)
  3 kobold demonologists (D:11)
  A vampire (D:12)
  2 shadows
  3 wraiths (D:11)
  2 slime creatures (D:12)
  10 yaks
  A steam dragon (D:8)
  2 acid dragons (D:10)
  3 water moccasins
  2 black bears
  An ice beast (D:6)
  4 orc warriors
  2 ogres
  A sky beast (D:6)
  3 centaurs
  2 phantoms (D:5)
  6 kobold brigands
  5 bullfrogs
  2 scorpions
  8 wights (D:7)
  10 killer bees
  5 howler monkeys
  6 hounds
  14 orc priests
  A jelly (D:5)
  Jessica (D:2)
  10 orc wizards
  6 adders
  3 river rats (Sewer)
  A white imp (D:7)
  An ufetubus (D:4)
  3 worms
  4 dart slugs
  53 orcs
  4 endoplasms
  4 giant cockroaches
  4 goblins (D:1)
  4 hobgoblins
  8 jackals
  6 quokkas
  8 ball pythons
  7 bats
  5 frilled lizards
  18 kobolds
  12 rats
271 creatures vanquished.

Notes
Turn   | Place    | Note
-------+----------+-------------------------------------------
     0 | D:1      | Arcadio the Minotaur Fighter began the quest for the Orb.
     0 | D:1      | Reached XP level 1. HP: 19/19 MP: 0/0
   174 | D:1      | Reached XP level 2. HP: 25/27 MP: 1/1
   683 | D:2      | Reached XP level 3. HP: 27/33 MP: 2/2
   829 | D:2      | Noticed Jessica
   842 | D:2      | Killed Jessica
  1066 | D:2      | Reached XP level 4. HP: 41/41 MP: 3/3
  1798 | D:3      | Identified the +1 robe "Esois" {rC+ Archmagi}
  2250 | D:4      | Found a glowing drain.
  2258 | Sewer    | Entered a sewer
  2270 | Sewer    | Reached skill level 5 in Armour
  2337 | Sewer    | Noticed a kobold brigand
  2359 | Sewer    | Killed a kobold brigand
  2359 | Sewer    | Noticed a kobold brigand
  2360 | Sewer    | Reached skill level 5 in Fighting
  2360 | Sewer    | Reached XP level 5. HP: 16/48 MP: 4/4
  2372 | Sewer    | Reached XP level 6. HP: 7/56 MP: 5/5
  2675 | Sewer    | Found a white marble altar of Elyvilon.
  2779 | Sewer    | Became a worshipper of Elyvilon the Healer
  2853 | D:4      | Reached skill level 5 in Axes
  2940 | D:4      | Found a shimmering blue altar of Sif Muna.
  3019 | D:4      | Found a hazy altar of Hepliaklqana.
  3249 | D:4      | Noticed a moth of wrath
  3252 | D:4      | Found a bloodstained altar of Trog.
  3698 | D:5      | Entered Level 5 of the Dungeon
  3706 | D:5      | Reached XP level 7. HP: 58/63 MP: 6/6
  3870 | D:5      | Found a staircase to the Ecumenical Temple.
  3871 | D:5      | Reached * piety under Elyvilon
  3886 | Temple   | Entered the Ecumenical Temple
  4020 | Temple   | Fell from the grace of Elyvilon
  4020 | Temple   | Became a worshipper of Uskayaw the Reveller
  4158 | D:5      | Reached * piety under Uskayaw
  4159 | D:5      | Reached ** piety under Uskayaw
  4182 | D:5      | Reached *** piety under Uskayaw
  4184 | D:5      | Reached **** piety under Uskayaw
  4192 | D:5      | Reached ***** piety under Uskayaw
  4195 | D:5      | HP: 1/66 [orc priest/nerve-wracking pain (12)]
  4405 | D:5      | Found a shimmering blue altar of Sif Muna.
  4413 | D:5      | Reached XP level 8. HP: 72/73 MP: 7/7
  4797 | D:6      | Found a stormy altar of Qazlal.
  5058 | D:6      | Found a basalt altar of Yredelemnul.
  5370 | D:7      | Found Jiated's General Store.
  5377 | D:7      | Bought a scroll of identify for 30 gold pieces
  5377 | D:7      | Bought a potion of resistance for 150 gold pieces
  5377 | D:7      | Bought a potion of curing for 45 gold pieces
  5428 | D:7      | Reached XP level 9. HP: 80/82 MP: 8/8
  5812 | D:7      | Found a glowing silver altar of Zin.
  6475 | D:8      | Reached skill level 10 in Fighting
  6475 | D:8      | Reached skill level 10 in Armour
  6480 | D:8      | Reached skill level 10 in Axes
  6761 | D:8      | You fall into a shaft and drop 3 floors!
  6797 | D:10     | Entered Level 10 of the Dungeon
  6912 | D:10     | Reached XP level 10. HP: 65/94 MP: 9/9
  7144 | D:10     | Noticed Amaemon
  7146 | D:10     | Noticed an orange demon
  7640 | D:9      | Found a glowing golden altar of the Shining One.
  7862 | D:9      | Noticed Joseph
  7870 | D:9      | Killed Joseph
  7889 | D:9      | Found a runed translucent gate.
  7889 | D:9      | Found a runed translucent gate.
  7890 | D:9      | Found a runed translucent gate.
  7890 | D:9      | Noticed diceflayer's ghost (novice DsHu)
  8110 | D:9      | Found a viscous altar of Jiyva.
  8173 | D:10     | Identified the ring "Erat" {Ice rPois Will+ Int+4}
  8786 | D:10     | Found Noaris's Jewellery Emporium.
  8907 | D:11     | Noticed a two-headed ogre
  8924 | D:11     | Killed a two-headed ogre
  9058 | D:11     | Noticed a gargoyle
  9099 | D:11     | Killed a gargoyle
  9304 | D:11     | Noticed a soul eater
  9320 | D:11     | Noticed a manticore
 10007 | D:11     | Reached XP level 11. HP: 92/104 MP: 10/10
 10399 | D:11     | Noticed a soul eater
 10700 | D:12     | Noticed a boulder beetle
 11035 | D:12     | Found an ornate altar of the Wu Jian Council.
 11045 | D:12     | Noticed a two-headed ogre
 11051 | D:12     | a two-headed ogre changed into a skyshark
 11051 | D:12     | Noticed a skyshark
 11059 | D:12     | Killed a skyshark
 11167 | D:12     | Noticed a white ugly thing
 11178 | D:12     | Killed a white ugly thing
 11224 | D:12     | Found a staircase to the Orcish Mines.
 11329 | D:12     | Killed a boulder beetle
 11494 | Orc:1    | Entered Level 1 of the Orcish Mines
 11510 | Orc:1    | Noticed an ettin
 11523 | Orc:1    | Slain by an ettin

Illustrated notes

Levels and vault maps discovered:
D:1:      dpeg_arrival_signposts, layout_basic
D:2:      layout_basic, uniq_jessica
D:3:      layout_basic, st_stairs_14
D:4:      layout_loops_cross, overflow_temple_1_default,
          mainiacjoe_overflow_boulevard, tgw_trog, gup_sewer_entry_bubbles
D:5:      layout_basic, minmay_temple_entry_mini_moons, kennysheep_diamond
D:6:      layout_basic, nicolae_qazlal_scattered_showers,
          mainiacjoe_overflow_concentric_impassable, minmay_misc_feat_cross
D:7:      layout_rooms, zin_treasury, serial_shops, shop_fountains,
          dk_noncrumbling_4
D:8:      layout_basic, lair_entry_dummy
D:9:      layout_roguey, tso_metal_star, gammafunk_ghost_ooze, uniq_joseph
D:10:     layout_roguey, serial_shops, nicolae_shop_back_alley_shop,
          uniq_amaemon
D:11:     layout_irregular_city
D:12:     layout_rooms, david_orc_2, nicolae_wu_jian_wuxing_cycle
Temple:   bh_familiar_temple
Orc:1:    layout_caves, serial_shops, shop, nicolae_orc_tapped_out

Skill      XL: |  1  2  3  4  5  6  7  8  9 10 11 |
---------------+----------------------------------+-----
Armour         | 4 5 6 7 9 10 12 13 | 13.4
Fighting       | 4 5 6 7 8 10 12 13 | 13.3
Axes           | 3 4 5 6 8 10 11 13 | 13.0
Shields        | |  3.6

Action                     |  1- 3 |  4- 6 |  7- 9 | 10-12 || total
---------------------------+-------+-------+-------+-------++-------
  Melee: War axe           |    55 |   171 |   290 |   247 ||   763
         Headbutt          |     5 |    24 |    56 |    70 ||   155
         Broad axe         |       |       |       |    58 ||    58
  Evoke: Wand              |       |       |       |    16 ||    16
    Use: Scroll            |       |     6 |     6 |     1 ||    13
         Potion            |       |     3 |     1 |     1 ||     5
   Stab: Paralysed         |       |       |    15 |    25 ||    40
 Armour: Scale mail        |    30 |    68 |       |       ||    98
         Chain mail        |       |     2 |   218 |   192 ||   412
  Dodge: Dodged            |    31 |    87 |   121 |   119 ||   358
  Block: Buckler           |    16 |    42 |    78 |    63 ||   199
